 Dungeon Crawl Stone Soup version 0.30-a0-867-g305f33218d (webtiles) character file.

Game seed: 4701243802177104416

103 BlueFish the Sneak (level 4, -1/32 HPs)
             Began as a Vampire Enchanter on Mar 10, 2023.
             Slain by an orc
             ... wielding a +0 flail
              (7 damage)
             ... on level 2 of the Dungeon.
             The game lasted 00:02:40 (1282 turns).

BlueFish the Sneak (Vampire Enchanter)              Turns: 1282, Time: 00:02:40

Health: -1/32      AC:  3    Str:  7    XL:     4   Next: 51%
Magic:  0/7        EV: 13    Int: 17    God:
Gold:   100        SH:  0    Dex: 19    Spells: 2/7 levels left

rFire   + + .      SeeInvis +    g - +2 dagger (freeze)
rCold   + . .      Faith    .    (no shield)
rNeg    + . .      Spirit   .    b - +0 robe
rPois   .          Reflect  .    (no helmet)
rElec   +          Rampage  .    (no cloak)
rCorr   .                        (no gloves)
Will    .....                    h - +0 pair of boots
Stlth   +++                      (no amulet)
HPRegen 0.45/turn                k - ring of protection from fire
MPRegen 0.10/turn                n - ring of Pieruq {rElec rF+ rC+ rN+ Dex+3}

@: healing quickly
A: alive, fangs 3, see invisible, vampiric 2
a: Exsanguinate


You were on level 2 of the Dungeon.
You visited 1 branch of the dungeon, and saw 3 of its levels.

You collected 100 gold pieces.

Inventory:

Hand Weapons
 a - a +1 dagger
 g - a +2 dagger of freezing (weapon)
Missiles
 m - 3 datura-tipped darts (quivered)
Armour
 b - a +0 robe (worn)
 h - a +0 pair of boots (worn)
Jewellery
 k - a ring of protection from fire (left hand)
 n - the ring of Pieruq (right hand) {rElec rF+ rC+ rN+ Dex+3}
   (You found it on level 2 of the Dungeon)

   [ring of protection from cold]

   Dex:       It affects your dexterity (+3).
   rF:        It protects you from fire.
   rC:        It protects you from cold.
   rElec:     It insulates you from electricity.
   rN:        It protects you from negative energy.
Scrolls
 d - a scroll of blinking {unknown}
 f - a scroll of torment {unknown}
 i - a scroll of silence {unknown}
Potions
 c - 2 potions of invisibility
 e - 3 potions of magic {unknown}
 j - a potion of curing {unknown}
 l - 2 potions of brilliance {unknown}


   Skills:
 + Level 1.1 Fighting
 + Level 1.9 Short Blades
 + Level 0.5 Throwing
 + Level 1.1 Armour
 + Level 2.7 Dodging
 + Level 5.2 Stealth
 + Level 2.3 Spellcasting
 + Level 4.8 Hexes


You had 2 spell levels left.
You knew the following spells:

 Your Spells              Type           Power      Damage    Failure   Level
a - Ensorcelled Hibernat  Hex/Ice        20%        N/A       11%         2
b - Confusing Touch       Hex            18%        N/A       8%          3

Your spell library contained the following spells:

 Spells                   Type           Power      Damage    Failure   Level
 Apportation              Tloc           2%         N/A       19%         1
 Necrotise                Necr           4%         1d4       19%         1
 Summon Small Mammal      Summ           4%         N/A       19%         1
 Blink                    Tloc           2%         N/A       28%         2
 Lesser Beckoning         Tloc           2%         N/A       28%         2
 Momentum Strike          Conj/Tloc      2%         3d8       28%         2
 Tukima's Dance           Hex            18%        N/A       8%          3
 Dazzling Flash           Conj/Hex       20%        N/A       21%         3


Dungeon Overview and Level Annotations

Branches:
Dungeon (3/15)

Altars:
Gozag

Shops:
D:2 =(

Annotations:
D:1 2 runed translucent doors


Innate Abilities, Weirdness & Mutations

Your natural rate of healing is accelerated.
You have razor-sharp teeth.
You have supernaturally acute eyesight. (SInv)
You are afflicted with vampirism and can become a bat while bloodless.


Message History

The orc priest is severely wounded.
The orc hits you with a +0 flail.
The orc priest looks encouraged for a moment.
You hit the orc priest but do no damage.
The orc priest is severely wounded.
The orc closely misses you. The orc priest barely misses you.
You hit the orc priest. You freeze the orc priest.
The orc priest is severely wounded.
The orc hits you with a +0 flail.
The orc priest hits you but does no damage.
You hit the orc priest but do no damage.
The orc priest is severely wounded.
The orc closely misses you.
The orc priest hits you with a +0 dagger.
* * * LOW HITPOINT WARNING * * *
You hit the orc priest but do no damage.
The orc priest is severely wounded.
The orc barely misses you.
The orc priest begins to cast a cantrip, but forgets the words!
You hit the orc priest but do no damage.
The orc priest is severely wounded.
You hit the orc priest. You freeze the orc priest.
You kill the orc priest!
The orc closely misses you.
Casting: Ensorcelled Hibernation (safe; 11% risk of failure)
Confirm with . or Enter, or press ? or * to list all spells.
Aiming: Ensorcelled Hibernation (safe; 11% risk of failure)
Press: ? - help, Shift-Dir - straight line, f - orc
Aim: an orc, wielding a +0 flail and wearing a +0 chain mail (chance to affect: 62%)
The orc resists with significant effort.
The orc closely misses you.
You hit the orc but do no damage. The orc hits you with a +0 flail.
* * * LOW HITPOINT WARNING * * *
You hit the orc. You freeze the orc.
The orc is moderately wounded.
The orc misses you.
You hit the orc but do no damage.
The orc is moderately wounded.
The orc hits you with a +0 flail!
You die...

######### ###.......# # #####
#.....#...# # #...# #.#.#.#...#
# #...###### #.#.#.#.#.# #
#........# #.#.#.###.#
#####........##### #.#...#...#
....+..........o@####.#.#.#.###
#####........(##)#....#..<..#
..............##.#..#†#.#####
)#...#........##.#..#.#...#
#.#...........##.#..#.#.#.#
...#.#........##.#......#.#
.∩..#.#+#####.##'########.#
...#..#.# ###.......#.....#
#.#.....# #.......#+#'#####


You could see an orc.

Vanquished Creatures
  An orc priest (D:2)
  An adder (D:2)
  2 worms (D:2)
  6 dart slugs
  2 orcs
  4 endoplasms (D:2)
  3 giant cockroaches
  6 goblins
  2 hobgoblins (D:2)
  A quokka (D:1)
  3 ball pythons
  5 bats (D:1)
  A frilled lizard (D:1)
  4 kobolds
  6 rats
47 creatures vanquished.

Notes
Turn   | Place    | Note
-------+----------+-------------------------------------------
     0 | D:1      | BlueFish the Vampire Enchanter began the quest for the Orb.
     0 | D:1      | Reached XP level 1. HP: 13/13 MP: 3/3
    68 | D:1      | Found a large runed translucent door.
    68 | D:1      | Found a large runed translucent door.
    70 | D:1      | Noticed an ogre
    71 | D:1      | Noticed an ogre
    71 | D:1      | Noticed an ogre
    75 | D:1      | Noticed an ogre
   206 | D:1      | Reached XP level 2. HP: 20/20 MP: 5/5
   211 | D:1      | Learned a level 2 spell: Ensorcelled Hibernation
   679 | D:2      | Gained mutation: You are afflicted with vampirism and can
                  | become a bat while bloodless. [Vampire growth]
   679 | D:2      | Reached XP level 3. HP: 25/25 MP: 6/6
   683 | D:2      | Learned a level 3 spell: Confusing Touch
   742 | D:2      | Reached skill level 5 in Stealth
   766 | D:2      | Found Qigimpih's Weapon Boutique.
   900 | D:2      | Reached skill level 1 in Armour
   910 | D:2      | Identified the ring of Pieruq {rElec rF+ rC+ rN+ Dex+3}
   936 | D:2      | Found an opulent altar of Gozag.
  1087 | D:2      | Reached skill level 1 in Fighting
  1087 | D:2      | Reached XP level 4. HP: 32/32 MP: 7/7
  1116 | D:2      | Found Ysesina's Jewellery Shop.
  1282 | D:2      | Slain by an orc

Illustrated notes

Levels and vault maps discovered:
D:1:      erik_arrival_cave_to_civilisation [erik_arrival_cave_to_temple],
          layout_basic
D:2:      layout_basic, basic_altar, serial_shops, nicolae_diamond_shop,
          nicolae_shop_bloodbath_and_beyond
D:3:      layout_loops_ring, serial_shops, nicolae_diamond_shop,
          nrook_mini_vaults

Skill      XL: |  1  2  3 |
---------------+----------+-----
Stealth        | 5 |  5.2
Armour         | 1 |  1.1
Fighting       | 1 |  1.1
Short Blades   | |  1.9
Throwing       | |  0.5
Dodging        | |  2.7
Spellcasting   | |  2.3
Hexes          | |  4.8

Action                     |  1- 3 |  4- 6 || total
---------------------------+-------+-------++-------
  Melee: Dagger            |    75 |    16 ||    91
         Bite              |     5 |     1 ||     6
         Punch             |     1 |       ||     1
   Cast: Ensorcelled Hiber |     5 |     4 ||     9
   Stab: Sleeping          |    18 |     3 ||    21
 Armour: Robe              |    15 |     2 ||    17
  Dodge: Dodged            |    30 |    16 ||    46

Table legend: (Time is in decaauts)
 A = Elapsed time spent in this place.
 B = Non-inter-level travel time spent in this place.
 C = Inter-level travel time spent in this place.
 D = Time resting spent in this place.
 E = Time spent auto-exploring this place.
 F = Levels seen in this place.
 G = Mean time per level.
                   A        B        C        D        E       F      G
               +--------+--------+--------+--------+--------+-----+--------+
         Total |   1273 |   1211 |     62 |      0 |    912 |   3 |  424.3 |
       Dungeon |   1273 |   1211 |     62 |      0 |    912 |   3 |  424.3 |
               +--------+--------+--------+--------+--------+-----+--------+

Top non-repeatable levels by time:
     D:1: 651 daAuts
     D:2: 615 daAuts
     D:3: 6 daAuts
